 Dungeon Crawl Stone Soup version 0.21.1-1-g345015f (webtiles) character file.

17 tidbits the Covered (level 2, 23/23 HPs)
             Began as a Gnoll Wanderer on June 8, 2018.
             Quit the game on level 1 of the Dungeon.
             The game lasted 00:01:36 (174 turns).

tidbits the Covered (Gnoll Wanderer)                 Turns: 174, Time: 00:01:37

Health: 23/23      AC:  2    Str: 17    XL:     2   Next: 62%
Magic:  7/7        EV: 11    Int: 12    God:
Gold:   32         SH:  0    Dex: 13    Spells: 10/10 levels left

rFire    . . .     SeeInvis .   a - +2 hand crossbow
rCold    . . .     Gourm    .   (no shield)
rNeg     . . .     Faith    .   e - +0 robe
rPois    .         Spirit   .   (no helmet)
rElec    .         Reflect  .   (no cloak)
rCorr    .         Harm     .   (no gloves)
MR       .....                  (no boots)
Stlth    +.........             (no amulet)
HPRegen  0.07/turn              (no ring)
MPRegen  0.10/turn              (no ring)

@: no status effects
A: distributed training, fangs 1, strong nose
a: no special abilities


You were on level 1 of the Dungeon.
You were not hungry.

You visited 1 branch of the dungeon, and saw 1 of its levels.

You collected 32 gold pieces.

Inventory:

Hand Weapons
 a - a +2 hand crossbow (weapon)
Missiles
 b - 53 bolts (quivered)
Armour
 e - a +0 robe (worn)
Scrolls
 g - a scroll of teleportation {unknown}
Potions
 d - a potion of curing
Books
 c - the Incunabulum of Transmigration

   Spells                             Type                      Level
   a - Sticks to Snakes               Transmutation                2
   b - Passwall                       Transmutation/Earth          2
Comestibles
 f - a ration


   Skills:
 + Level 2.5 Fighting
 + Level 0.4 Short Blades
 + Level 0.4 Long Blades
 + Level 0.4 Axes
 + Level 0.4 Maces & Flails
 + Level 0.4 Polearms
 + Level 0.4 Staves
 + Level 0.4 Slings
 + Level 0.4 Bows
 + Level 2.5 Crossbows
 + Level 4.5 Throwing
 + Level 6.5 Armour
 + Level 0.4 Dodging
 + Level 0.4 Stealth
 + Level 0.4 Shields
 + Level 0.4 Unarmed Combat
 + Level 4.9 Spellcasting
 + Level 0.2 Conjurations
 + Level 0.2 Hexes
 + Level 0.2 Charms
 + Level 0.2 Summonings
 + Level 0.2 Necromancy
 + Level 0.2 Translocations
 + Level 0.2 Transmutations
 + Level 0.2 Fire Magic
 + Level 0.2 Ice Magic
 + Level 2.0 Air Magic
 + Level 0.2 Earth Magic
 + Level 0.2 Poison Magic
 + Level 0.5 Invocations
 + Level 0.4 Evocations


You had 10 spell levels left.
You didn't know any spells.

Dungeon Overview and Level Annotations

Branches:
Dungeon (1/15)

Altars:


Innate Abilities, Weirdness & Mutations

Your experience applies equally to all skills.
You have very sharp teeth.
Your uncanny sense of smell can sniff out nearby items.


Message History

Your Air Magic skill increases to level 2!
b - 50 bolts (gained 32)
Things that are here:
a club; a goblin corpse; a leopard gecko corpse
Things that are here:
a bolt; a club; a goblin corpse Firing (i - inventory):
b - 50 bolts (quivered)
Press: ? - help, Shift-Dir - straight line, f/p - dart slug
Aim: a dart slug You shoot a bolt.
The bolt barely misses the dart slug.
The dart slug closely misses you.
Firing (i - inventory):
b - 49 bolts (quivered)
Press: ? - help, Shift-Dir - straight line, f/p - dart slug
Aim: a dart slug You shoot a bolt.
The bolt hits the dart slug!
You kill the dart slug!
You have reached level 2!
b - 49 bolts (gained 1)
Things that are here:
3 bolts; a dart slug corpse
b - 52 bolts (gained 3)
You see here a bolt.
b - 53 bolts (gained 1)
Things that are here:
a club; a goblin corpse; a leopard gecko corpse You see here a robe.
A bat comes into view.
Firing (i - inventory):
b - 53 bolts (quivered)
Press: ? - help, Shift-Dir - straight line, f - bat
Aim: a bat (resting)
You shoot a bolt. The bolt hits the bat.
You kill the bat!
You see here a scroll labeled KIUSOBR FIDGHA.
g - a scroll labeled KIUSOBR FIDGHA You see here a bolt.
b - 53 bolts (gained 1)
Found 15 gold pieces.
Found 5 gold pieces.
You see here 5 gold pieces.
You now have 5 gold pieces.
You see here 15 gold pieces.
You now have 20 gold pieces (gained 15).
A rat comes into view.
Firing (i - inventory):
b - 53 bolts (quivered)
Press: ? - help, Shift-Dir - straight line, f - rat
Aim: a rat You shoot a bolt.
The bolt hits the rat.
You kill the rat!
Things that are here:
a bolt; a rat corpse
b - 53 bolts (gained 1)
A rat comes into view.
Firing (i - inventory):
b - 53 bolts (quivered)
Press: ? - help, Shift-Dir - straight line, f - rat
Aim: a rat You shoot a bolt.
The bolt hits the rat.
You kill the rat! 2 dart slugs come into view.
Found a leather armour.
Firing (i - inventory):
b - 52 bolts (quivered)
Press: ? - help, Shift-Dir - straight line, f - dart slug
Aim: a dart slug (clinging, resting)
You shoot a bolt. The bolt hits the dart slug!
The dart slug is almost dead.
Firing (i - inventory):
b - 51 bolts (quivered)
Press: ? - help, Shift-Dir - straight line, f/p - dart slug
Aim: a dart slug (almost dead, clinging)
You shoot a bolt. The bolt hits the dart slug!
You kill the dart slug!
Firing (i - inventory):
b - 50 bolts (quivered)
Press: ? - help, Shift-Dir - straight line, f - dart slug
Aim: a dart slug (resting)
You shoot a bolt. The bolt hits the dart slug!
You kill the dart slug!
Things that are here:
a bolt; a rat corpse
b - 50 bolts (gained 1)
Things that are here:
a bolt; a dart slug corpse
b - 51 bolts (gained 1)
Found 12 gold pieces.
Things that are here:
a bolt; a leather armour; a dart slug corpse
b - 52 bolts (gained 1)
You see here 12 gold pieces.
You now have 32 gold pieces (gained 12).
You see here a bolt.
b - 53 bolts (gained 1)
You open the door.
There is an open door here.
A leopard gecko comes into view.
Firing (i - inventory):
b - 53 bolts (quivered)
Press: ? - help, Shift-Dir - straight line, f - leopard gecko
Aim: a leopard gecko (clinging, resting)
You shoot a bolt. The bolt hits the leopard gecko!
You kill the leopard gecko!
Things that are here:
a bolt; a leopard gecko corpse
b - 53 bolts (gained 1) Are you sure you want to abandon this character and quit the game? (Confirm with "yes".)

#†................
#.################
#.# #.# #.# #.#
#.# #.# #@# ###


There were no monsters in sight!

Vanquished Creatures
  3 dart slugs (D:1)
  2 leopard geckos (D:1)
  2 goblins (D:1)
  A bat (D:1)
  2 rats (D:1)
10 creatures vanquished.

Notes
Turn   | Place    | Note
-------+----------+-------------------------------------------
     0 | D:1      | tidbits the Gnoll Wanderer began the quest for the Orb.
     0 | D:1      | tidbits set off with: a +2 hand crossbow, 23 bolts, the Incunabulum of Transmigration, a potion of curing, a +0 robe, a ration
     0 | D:1      | Reached XP level 1. HP: 17/17 MP: 6/6
     0 | D:1      | Identified the Incunabulum of Transmigration
     9 | D:1      | Reached skill level 2 in Air Magic
    14 | D:1      | Reached XP level 2. HP: 23/23 MP: 7/7
   174 | D:1      | Quit the game

Skill      XL: |  1 |
---------------+----+-----
Air Magic      | 2 |  2.0
Fighting       | |  2.5
Short Blades   | |  0.4
Long Blades    | |  0.4
Axes           | |  0.4
Maces & Flails | |  0.4
Polearms       | |  0.4
Staves         | |  0.4
Slings         | |  0.4
Bows           | |  0.4
Crossbows      | |  2.5
Throwing       | |  4.5
Armour         | |  6.5
Dodging        | |  0.4
Stealth        | |  0.4
Shields        | |  0.4
Unarmed Combat | |  0.4
Spellcasting   | |  4.9
Conjurations   | |  0.2
Hexes          | |  0.2
Charms         | |  0.2
Summonings     | |  0.2
Necromancy     | |  0.2
Translocations | |  0.2
Transmutations | |  0.2
Fire Magic     | |  0.2
Ice Magic      | |  0.2
Earth Magic    | |  0.2
Poison Magic   | |  0.2
Invocations    | |  0.5
Evocations     | |  0.4

Action                   || total
-------------------------++-------
 Fire: Hand crossbow     ||    14
Dodge: Dodged            ||     1

Table legend:
 A = Turns spent in this place as a percentage of turns spent in the entire game.
 B = Non-inter-level travel turns spent in this place as a percentage of non-inter-level travel turns spent in the entire game.
 C = Inter-level travel turns spent in this place as a percentage of turns spent in this place.
 D = Turns resting spent in this place as a percentage of non-inter-level travel turns spent in this place.
 E = Turns spent auto-exploring this place as a percentage of non-inter-level travel turns spent in this place.
 F = Non-inter-level travel turns spent in this place divided by the number of levels of this place that you've seen.
                   A       B       C       D       E      F
               +-------+-------+-------+-------+-------+----------------------
         Total | 100.0 | 100.0 |   0.0 |   0.0 |   0.0 | 174.0
       Dungeon | 100.0 | 100.0 |   0.0 |   0.0 |   0.0 | 174.0
               +-------+-------+-------+-------+-------+----------------------

Table legend:
 A = Kills in this place as a percentage of kills in entire the game.
 B = Kills by you in this place as a percentage of kills by you in the entire game.
 C = Kills by friends in this place as a percentage of kills by friends in the entire game.
 D = Other kills in this place as a percentage of other kills in the entire game.
 E = Experience gained in this place as a percentage of experience gained in the entire game.
 F = Experience gained in this place divided by the number of levels of this place that you have seen.
                   A       B       C       D       E      F
               +-------+-------+-------+-------+-------+----------------------
         Total | 100.0 | 100.0 |   N/A |   N/A | 100.0 |  25.0
       Dungeon | 100.0 | 100.0 |   N/A |   N/A | 100.0 |  25.0
               +-------+-------+-------+-------+-------+----------------------

Vault maps used:
D:1:      dpeg_arrival_ternary
